cohdb
Replays
Latest Replays
All Replays
Popular Replays
Top Player Replays
Match Explorer
How It Works
Community
CoH3 Stats
Reddit
Sign in to upload your games and track your stats! →
Sign in with Steam
Match 39736697
Unlisted
Match 39736697
Overview
Messages
Build Orders
End
Kettenkrad Recon Vehicle
Construct Infanterie Kompanie
MG 42 Machine Gun Team
MG 42 Machine Gun Team
GrW 34 Mortar Team
Construct Panzergrenadier Kompanie
251 Medium Carrier
Pioneer Squad
Pak 40 Anti-tank Gun Team
251 Medium Carrier
Selects Mechanized Battlegroup
Selects Raid Package
Selects 8 Rad Armored Car
8 Rad Armored Car
8 Rad Armored Car
Panzergrenadier Officer Quarters
8 Rad Armored Car
8 Rad Armored Car
DexN
atank
DanielD
KT Perry
0
0
Comments
sign in to comment!
No comments posted yet!